 Dungeon Sprint DCSS version 0.27-a0-109-g416527ed24 (webtiles) character file.

Game seed: 12830115063375672144

655 mhtbhm the Grappler (level 7, -3/66 HPs)
             Began as a Troll Transmuter on Jan 24, 2021.
             Was a Believer of Sif Muna.
             Slain by a cyclops (29 damage)
             ... in the Dungeon (Sprint IX: "|||||||||||||||||||||||||||||").
             The game lasted 00:01:12 (466 turns).

mhtbhm the Grappler (Troll Transmuter)               Turns: 466, Time: 00:01:13

Health: -3/66      AC:  6    Str: 21    XL:     7   Next: 29%
Magic:  8/12       EV: 13    Int: 12    God:    Sif Muna [**....]
Gold:   0          SH:  0    Dex: 10    Spells: 5/15 levels left

rFire    . . .     SeeInvis .     - Unarmed
rCold    . . .     Faith    .   (no shield)
rNeg     . . .     Spirit   .   a - +0 robe
rPois    .         Reflect  .   (helmet restricted)
rElec    .         Harm     .   (no cloak)
rCorr    .         Rampage  .   (gloves unavailable)
Will     .....     NoTele   +   (boots unavailable)
Stlth    +.........             (no amulet)
HPRegen  0.61/turn              l - +2 ring of evasion
MPRegen  0.13/turn              m - +3 ring of intelligence

@: wereblooded (expiring), very slightly contaminated, invisible
A: large, unfitting armour, claws 3, regeneration 1, shaggy fur 1, tough skin 3
a: Renounce Religion, Channel Magic


You were in the Dungeon.
You worshipped Sif Muna.
Sif Muna was pleased with you.
You visited 1 branch

Inventory:

Armour
 a - a +0 robe (worn)
Jewellery
 l - a +2 ring of evasion (left claw)
 m - a +3 ring of intelligence (right claw)
Wands
 k - a wand of iceblast (10)
Scrolls
 h - 2 scrolls of blinking
 i - 3 scrolls of remove curse
 j - 2 scrolls of amnesia
Potions
 c - 5 potions of curing
 d - 2 potions of heal wounds
 e - a potion of haste
 f - 4 potions of magic
 g - a potion of berserk rage


   Skills:
 + Level 2.8 Fighting
 + Level 4.6 Dodging
 + Level 1.0 Stealth
 + Level 11.6 Unarmed Combat
 + Level 4.5 Spellcasting
 + Level 4.4 Transmutations


You had 5 spell levels left.
You knew the following spells:

 Your Spells              Type           Power        Failure   Level
a - Beastly Appendage     Tmut           26%          3%          1
b - Wereblood             Tmut           13%          5%          2
c - Spider Form           Tmut/Pois      4%           26%         3
d - Ice Form              Ice/Tmut       8%           63%         4

Your spell library contained the following spells:

 Spells                   Type           Power        Failure   Level
 Blade Hands              Tmut           6%           67%         5


Dungeon Overview and Level Annotations

Branches:
Dungeon (1/1)

Altars:
Cheibriados
Dithmenos
Elyvilon
Fedhas
Gozag
Hepliaklqana
Kikubaaqudgha
Makhleb
Nemelex Xobeh
Okawaru
Qazlal
Ru
Sif Muna
Trog
Uskayaw
Vehumet
Wu Jian
Xom
Yredelemnul
Zin
The Shining One
Beogh
Jiyva
Lugonu


Innate Abilities, Weirdness & Mutations

You are too large for most types of armour.
You have claws for hands.
Your natural rate of healing is unusually fast.
You are covered in fur. (AC +1)
You have extremely tough skin. (AC +3)


Message History

The orc warrior is moderately wounded.
The orc warrior misses you.
You mangle the orc warrior!!
You kill the orc warrior!
Sif Muna accepts your kill.
The cyclops throws a large rock.
The large rock hits you!!!
Ouch! That really hurt!
Your Stealth skill increases to level 1!
Unknown command.
The cyclops throws a large rock.
The large rock closely misses you.
There is an open door, spattered with blood here.
Items here: ( ) [ †.
You howl as the wereblood boils in your veins!
Your horns disappear.
Your talons disappear.
Casting: Wereblood (safe; 5% risk of failure)
Confirm with . or Enter, or press ? or * to list all spells.
You miscast Beastly Appendage.
Nothing appears to happen.
Your primal bloodlust is almost over.
The cyclops hits you!!
You die... ▓▓▓▓▓▓▓▓▓▓▓▓▓▓▓▓▓▓▓▓▓▓ ).[[[..(÷).(.().@CoZ.+ ▓▓▓▓▓▓▓▓▓▓▓▓▓▓▓▓▓▓▓▓▓▓

You could see a cyclops, an orc and a bat skeleton.

Vanquished Creatures
  A yaktaur (shapeshifter) (D)
  An orc warrior (D)
  A centaur (D)
  A bullfrog (D)
  2 jellies (D)
  2 worker ants (D)
  3 adders (D)
  A leopard gecko (D)
  An orc (D)
  3 hobgoblins (D)
  A kobold (D)
  A ball python zombie (D)
  A rat (D)
19 creatures vanquished.

Notes
Turn   | Place    | Note
-------+----------+-------------------------------------------
     0 | D        | mhtbhm the Troll Transmuter began the quest for the Orb.
     0 | D        | Reached XP level 1. HP: 18/18 MP: 1/1
   136 | D        | Noticed a worker ant
   136 | D        | Noticed a jelly
   139 | D        | Reached skill level 4 in Unarmed Combat
   139 | D        | Reached XP level 2. HP: 22/26 MP: 1/3
   141 | D        | Reached skill level 5 in Unarmed Combat
   141 | D        | Reached XP level 3. HP: 20/32 MP: 1/5
   145 | D        | Reached skill level 1 in Fighting
   145 | D        | Reached skill level 6 in Unarmed Combat
   152 | D        | Reached XP level 4. HP: 36/41 MP: 2/6
   174 | D        | Found a roughly hewn altar of Beogh.
   174 | D        | Found a snail-covered altar of Cheibriados.
   174 | D        | Found a shadowy altar of Dithmenos.
   174 | D        | Found a white marble altar of Elyvilon.
   174 | D        | Found a blossoming altar of Fedhas.
   174 | D        | Found an opulent altar of Gozag.
   175 | D        | Found a hazy altar of Hepliaklqana.
   176 | D        | Found a viscous altar of Jiyva.
   177 | D        | Found an ancient bone altar of Kikubaaqudgha.
   178 | D        | Found a corrupted altar of Lugonu.
   179 | D        | Found a burning altar of Makhleb.
   180 | D        | Found a sparkling altar of Nemelex Xobeh.
   181 | D        | Found an iron altar of Okawaru.
   182 | D        | Found a stormy altar of Qazlal.
   183 | D        | Found a sacrificial altar of Ru.
   184 | D        | Found a shimmering blue altar of Sif Muna.
   185 | D        | Found a bloodstained altar of Trog.
   186 | D        | Found a hide-covered altar of Uskayaw.
   187 | D        | Found a radiant altar of Vehumet.
   188 | D        | Found an ornate altar of the Wu Jian Council.
   189 | D        | Found a shimmering altar of Xom.
   190 | D        | Found a basalt altar of Yredelemnul.
   191 | D        | Found a glowing silver altar of Zin.
   192 | D        | Became a worshipper of Sif Muna the Loreminder
   193 | D        | Found a glowing golden altar of the Shining One.
   226 | D        | Learned a level 2 spell: Wereblood
   230 | D        | Learned a level 3 spell: Spider Form
   232 | D        | Noticed a bullfrog
   232 | D        | Noticed a centaur
   241 | D        | Reached skill level 7 in Unarmed Combat
   241 | D        | Reached * piety under Sif Muna
   244 | D        | Killed a bullfrog
   245 | D        | Reached skill level 8 in Unarmed Combat
   245 | D        | Reached XP level 5. HP: 23/48 MP: 4/8
   248 | D        | Killed a centaur
   248 | D        | Reached ** piety under Sif Muna
   249 | D        | Reached skill level 9 in Unarmed Combat
   249 | D        | Reached XP level 6. HP: 5/57 MP: 4/10
   441 | D        | Learned a level 4 spell: Ice Form
   447 | D        | Noticed a yaktaur
   447 | D        | Noticed an orc warrior
   447 | D        | Noticed a cyclops
   455 | D        | Killed a yaktaur
   456 | D        | Reached skill level 11 in Unarmed Combat
   456 | D        | Reached XP level 7. HP: 61/66 MP: 8/12
   463 | D        | Reached skill level 1 in Stealth
   466 | D        | Slain by a cyclops

Illustrated notes

Levels and vault maps discovered:
D:        linesprint [early_d, line_temple, items_1, d_10, items_2, lair_1,
          lair_end, items_3, orc_1, orc_end, items_4, d_15, swamp_1, shoals_1,
          snake_1, spider_1, d_20, vaults_1, items_5, swamp_end, shoals_end,
          snake_end, spider_end, vaults_end, d_27, items_6, zot_1, zot_end,
          crypt_end, forest_end, elf_end, slime_end, tomb_end, abyss_end,
          pan_hell_end]

Skill      XL: |  1  2  3  4  5  6  7 |
---------------+----------------------+-----
Unarmed Combat | 4 5 6 8 9 11 | 11.6
Dodging        | 2 3 4 |  4.6
Spellcasting   | 2 3 4 |  4.5
Transmutations | 2 3 4 |  4.4
Fighting       | 1 2 |  2.8
Stealth        | 1 |  1.0

Action                   |  1- 3 |  4- 6 |  7- 9 || total
-------------------------+-------+-------+-------++-------
Melee: Unarmed           |    25 |    21 |     7 ||    53
       Kick              |     1 |     8 |     1 ||    10
       Headbutt          |       |     5 |     2 ||     7
 Cast: Beastly Appendage |     1 |     2 |       ||     3
       Wereblood         |       |     2 |       ||     2
  Use: Potion            |     1 |     1 |       ||     2
 Stab: Invisible         |       |     1 |     1 ||     2
Armor: Robe              |     5 |     2 |       ||     7
Dodge: Dodged            |     7 |     9 |     5 ||    21

Table legend: (Time is in decaauts)
 A = Elapsed time spent in this place.
 B = Non-inter-level travel time spent in this place.
 C = Inter-level travel time spent in this place.
 D = Time resting spent in this place.
 E = Time spent auto-exploring this place.
 F = Levels seen in this place.
 G = Mean time per level.
                   A        B        C        D        E       F      G
               +--------+--------+--------+--------+--------+-----+--------+
         Total |    458 |    458 |      0 |    307 |      0 |   1 |  458.0 |
       Dungeon |    458 |    458 |      0 |    307 |      0 |   1 |  458.0 |
               +--------+--------+--------+--------+--------+-----+--------+

Top non-repeatable levels by time:
       D: 458 daAuts
